 Dungeon Crawl Stone Soup version 0.21.0-24-g2553a33 (webtiles) character file.

3905 vatarom the Summoner (level 10, 0/60 HPs)
             Began as a Tengu Summoner on Jan 20, 2018.
             Was a Believer of Sif Muna.
             Slain by a guardian serpent (8 damage)
             ... on level 9 of the Dungeon.
             The game lasted 00:23:08 (10572 turns).

vatarom the Summoner (Tengu Summoner)              Turns: 10572, Time: 00:23:09

Health: 0/60       AC:  4    Str: 10    XL:     10   Next: 20%
Magic:  9/19       EV: 12    Int: 18    God:    Sif Muna [**....]
Gold:   411        SH:  0    Dex: 14    Spells: 6/20 levels left

rFire    . . .     SeeInvis .   y - +2 halberd (chop)
rCold    . . .     Gourm    .   (shield currently unavailable)
rNeg     . . .     Faith    .   u - +0 leather armour
rPois    .         Spirit   .   (helmet restricted)
rElec    .         Reflect  .   (no cloak)
rCorr    +         Harm     .   h - +0 pair of gloves
MR       .....                  (boots unavailable)
Stlth    +++.......             (no amulet)
HPRegen  0.20/turn              g - ring of resist corrosion
MPRegen  0.16/turn              E - ring of stealth

@: slowed, divine energy, very slow
A: beak, talons 3, able to fly 1
a: Fly, Stop Divine Energy, Renounce Religion


You were on level 9 of the Dungeon.
You worshipped Sif Muna.
Sif Muna was pleased with you.
You were not hungry.

You visited 2 branches of the dungeon, and saw 10 of its levels.

You collected 411 gold pieces.

Inventory:

Hand Weapons
 y - a +2 halberd of chopping (weapon)
Missiles
 A - 2 throwing nets (quivered)
Armour
 h - a +0 pair of gloves (worn)
 u - a +0 leather armour (worn)
Magical Staves
 G - an uncursed staff of power
Jewellery
 g - a ring of resist corrosion (left hand)
 s - an uncursed amulet of rage
 E - a ring of stealth (right hand)
Wands
 a - a wand of random effects (9)
 o - a wand of flame (38)
 v - a wand of digging (12)
 B - a wand of scattershot (5)
Scrolls
 e - a scroll of immolation
 i - 2 scrolls of fog
 k - 3 scrolls of enchant weapon
 l - 6 scrolls of amnesia
 w - 3 scrolls of remove curse
 D - 3 scrolls of magic mapping
 F - a scroll of identify
Potions
 d - 3 potions of might
 f - a potion of agility
 m - a potion of magic
 n - a potion of degeneration
 p - a potion of flight
 q - a potion of cancellation {unknown}
 r - a potion of heal wounds {unknown}
 x - 2 potions of brilliance {unknown}
 z - 3 potions of haste {unknown}
 C - a potion of lignification {unknown}
Books
 b - a book of Callings

   Spells                             Type                      Level
   a - Summon Small Mammal            Summoning                    1
   b - Call Imp                       Summoning                    2
   c - Call Canine Familiar           Summoning                    3
   d - Summon Guardian Golem          Hexes/Summoning              3
   e - Summon Lightning Spire         Summoning/Air                4
   f - Summon Ice Beast               Ice/Summoning                4
 t - a book of Cantrips

   Spells                             Type                      Level
   a - Confusing Touch                Hexes                        1
   b - Animate Skeleton               Necromancy                   1
   c - Summon Small Mammal            Summoning                    1
   d - Apportation                    Translocation                1
Comestibles
 c - 4 rations
 j - 3 chunks of flesh


   Skills:
 + Level 6.2 Fighting
 + Level 6.2 Polearms
 - Level 2.1 Dodging
 - Level 2.0 Stealth
 + Level 5.5 Spellcasting
 * Level 11.0 Summonings
 - Level 2.1 Air Magic
 + Level 4.3 Invocations


You had 6 spell levels left.
You knew the following spells:

 Your Spells              Type           Power        Failure   Level  Hunger
a - Summon Small Mammal   Summ           ####         1%          1    None
b - Call Imp              Summ           #####...     1%          2    None
c - Call Canine Familiar  Summ           #####...     1%          3    ##.....
d - Summon Lightning Spi  Summ/Air       ####....     11%         4    ####...
e - Summon Ice Beast      Ice/Summ       ###.....     17%         4    ####...


Dungeon Overview and Level Annotations

Branches:
Dungeon (9/15)             Temple (1/1) D:4
   Lair: D:8-11         Orc: D:9-12

Altars:
Cheibriados
Dithmenos
Elyvilon
Fedhas
Gozag
Kikubaaqudgha
Makhleb
Nemelex Xobeh
Okawaru
Qazlal
Ru
Sif Muna
Uskayaw
Vehumet
Wu Jian
Xom
Yredelemnul
Zin
The Shining One

Shops:
D:6 =


Innate Abilities, Weirdness & Mutations

You have a beak for a mouth.
You have claws for feet.
You can fly.


Message History

The guardian serpent hits you!
Your ice beast hits the guardian serpent but does no damage.
The guardian serpent closely misses you.
Your ice beast hits the guardian serpent but does no damage.
The guardian serpent hits you.
Your ice beast hits the guardian serpent.
Your ice beast freezes the guardian serpent!
The guardian serpent closely misses you.
Unknown command.
Okay, then.
Unknown command.
Your ice beast hits the guardian serpent.
Your ice beast freezes the guardian serpent!
The guardian serpent hits you!
* * * LOW HITPOINT WARNING * * *
Your ice beast hits the guardian serpent.
Your ice beast freezes the guardian serpent!
Your ice beast barely misses the guardian serpent.
The guardian serpent misses you. The guardian serpent hits you!
You die...

#.....### #....#
#.......# #.(..#
######.......#######....#
........................#
#########......######.###
###########......######.#
.......................>#
.........####....######.#
.....[..YYS@.....# #.#
.#...<[#Y#######..# #.#
#?###.#.# ##.# #.# .
#....Y...# .. #.#
#.........# #.# #.#
...######..# .. #)# ...
#?)#..# #.# .. #$%+.##
... #.# #?$# # ... #.####


You could see a guardian serpent and 3 friendly ice beasts.

Vanquished Creatures
  Psyche (D:8)
  2 hippogriffs (D:8)
  An orc warrior (D:8)
  A phantom (D:5)
  2 ogres (D:7)
  A big kobold (D:7)
  3 bullfrogs
  2 scorpions
  2 howler monkeys
  4 crimson imps
  A quasit (D:7)
  A human zombie (D:9)
  A jelly (D:8)
  2 bullfrog skeletons
  A human skeleton (D:9)
  An iguana (D:6)
  Natasha (twice) (D:3)
  4 worker ants
  Terence (D:3)
  2 hound skeletons
  2 gnolls
  4 adders
  A shadow imp (D:5)
  2 oozes
  3 adder skeletons
  3 worms
  5 dart slugs
  5 leopard geckos
  7 orcs
  3 ball pythons
  3 bats
  3 giant cockroaches
  3 goblins
  11 hobgoblins
  7 jackals
  4 quokkas
  3 frilled lizards
  10 kobolds
  3 leopard gecko skeletons
  5 rats
122 creatures vanquished.

Vanquished Creatures (collateral kills)
  A two-headed ogre (D:9)
  The ghost of komo4ek the Grave Robber, a novice HONe (D:5)
  A hippogriff (D:7)
  A wraith (D:9)
  4 yaks (D:8)
  A hungry ghost (D:7)
  A water moccasin (D:8)
  2 ice beasts
  2 sky beasts
  An orc warrior (D:7)
  2 ogres
  A centaur (D:8)
  3 scorpions
  5 wights (D:7)
  4 howler monkeys
  A crimson imp (D:6)
  3 hounds
  2 jellies (D:6)
  2 orc wizards
  2 orc priests
  A centaur skeleton (D:6)
  Natasha (D:3)
  2 worker ants (D:4)
  7 adders
  5 gnolls
  2 shadow imps
  An ooze (D:2)
  An adder zombie (D:6)
  2 worms (D:2)
  2 dart slugs (D:2)
  8 orcs
  3 bats
  3 giant cockroaches (D:1)
  3 goblins
  A hobgoblin (D:1)
  4 jackals
  7 kobolds
  4 quokkas
  A jackal zombie (D:5)
  A quokka zombie (D:6)
  4 rats
103 creatures vanquished.

Grand Total: 225 creatures vanquished

Notes
Turn   | Place    | Note
-------+----------+-------------------------------------------
     0 | D:1      | vatarom the Tengu Summoner began the quest for the Orb.
     0 | D:1      | Reached XP level 1. HP: 10/10 MP: 4/4
    83 | D:1      | Reached skill level 5 in Summonings
    83 | D:1      | Reached XP level 2. HP: 8/16 MP: 3/6
   349 | D:1      | Reached skill level 1 in Fighting
   456 | D:1      | Learned a level 2 spell: Call Imp
   662 | D:1      | Reached XP level 3. HP: 19/20 MP: 4/7
   673 | D:1      | Learned a level 3 spell: Call Canine Familiar
   781 | D:1      | Reached skill level 1 in Polearms
  1345 | D:2      | Reached XP level 4. HP: 19/26 MP: 4/8
  1426 | D:2      | HP: 1/26 [kobold/club (6)]
  1797 | D:2      | Found an ornate altar of the Wu Jian Council.
  2217 | D:3      | Found a glowing golden altar of the Shining One.
  2237 | D:3      | Noticed Terence
  2248 | D:3      | Killed Terence
  2248 | D:3      | Gained mutation: You can fly. [Tengu growth]
  2248 | D:3      | Reached XP level 5. HP: 31/31 MP: 5/9
  2314 | D:3      | Reached skill level 6 in Summonings
  2607 | D:3      | Noticed Natasha
  2621 | D:3      | Killed Natasha
  2641 | D:3      | Noticed Natasha
  2648 | D:3      | Killed Natasha
  3146 | D:3      | Noticed Natasha
  3153 | D:3      | Killed Natasha
  3296 | D:4      | Found a shimmering altar of Xom.
  3304 | D:4      | Reached XP level 6. HP: 30/37 MP: 7/11
  3440 | D:4      | Learned a level 4 spell: Summon Lightning Spire
  3548 | D:4      | Found a sparkling altar of Nemelex Xobeh.
  3705 | D:4      | Found a staircase to the Ecumenical Temple.
  3716 | Temple   | Entered the Ecumenical Temple
  3817 | Temple   | Became a worshipper of Sif Muna the Loreminder
  3960 | D:4      | Reached skill level 1 in Air Magic
  4521 | D:4      | Reached skill level 7 in Summonings
  4521 | D:4      | Reached XP level 7. HP: 26/41 MP: 12/12
  4967 | D:4      | Found a shimmering altar of Xom.
  4969 | D:4      | Found a shimmering altar of Xom.
  4970 | D:4      | Found a shimmering altar of Xom.
  4970 | D:4      | Found a shimmering altar of Xom.
  4980 | D:4      | Found a shimmering altar of Xom.
  5191 | D:4      | You fall through a shaft!
  5191 | D:5      | Entered Level 5 of the Dungeon
  5802 | D:5      | Reached skill level 1 in Invocations
  5811 | D:5      | Noticed komo4ek's ghost (novice HONe)
  5855 | D:5      | Killed komo4ek's ghost
  5855 | D:5      | Reached XP level 8. HP: 33/48 MP: 4/14
  5946 | D:5      | Reached * piety under Sif Muna
  5946 | D:5      | Reached skill level 8 in Summonings
  6257 | D:6      | Learned a level 4 spell: Summon Ice Beast
  6496 | D:6      | Found a hide-covered altar of Uskayaw.
  6525 | D:6      | Found Xozxuamp's Jewellery Shop.
  7361 | D:7      | Reached skill level 9 in Summonings
  7803 | D:7      | Reached XP level 9. HP: 19/53 MP: 12/16
  7862 | D:7      | Reached skill level 5 in Fighting
  8018 | D:7      | Noticed a red devil
  8229 | D:7      | Reached skill level 5 in Polearms
  8378 | D:7      | Found a blossoming altar of Fedhas.
  8406 | D:7      | Found an opulent altar of Gozag.
  8406 | D:7      | Found a glowing silver altar of Zin.
  8673 | D:8      | Noticed a brown ugly thing
  8674 | D:8      | Noticed Psyche
  9028 | D:8      | Reached skill level 10 in Summonings
  9237 | D:8      | Reached ** piety under Sif Muna
  9237 | D:8      | Reached skill level 5 in Spellcasting
  9421 | D:8      | Killed Psyche
  9784 | D:8      | Found a shadowy altar of Dithmenos.
  9792 | D:8      | Reached XP level 10. HP: 43/60 MP: 11/19
 10110 | D:9      | Found a basalt altar of Yredelemnul.
 10393 | D:9      | Noticed a two-headed ogre
 10410 | D:9      | Killed a two-headed ogre
 10410 | D:9      | Reached skill level 11 in Summonings
 10560 | D:9      | Noticed a guardian serpent
 10572 | D:9      | Slain by a guardian serpent

Skill      XL: |  1  2  3  4  5  6  7  8  9 10 |
---------------+-------------------------------+-----
Summonings     | 5 6 7 9 10 11 | 11.0
Fighting       | 1 2 3 4 5 6 |  6.2
Polearms       | 1 2 3 4 5 6 |  6.2
Air Magic      | 2 |  2.1
Spellcasting   | 3 4 5 |  5.5
Invocations    | 1 2 4 |  4.3
Dodging        | |  2.1
Stealth        | |  2.0

Action                   |  1- 3 |  4- 6 |  7- 9 | 10-12 || total
-------------------------+-------+-------+-------+-------++-------
Melee: Peck              |    10 |    19 |    18 |     5 ||    52
       Hand axe          |     2 |       |       |       ||     2
       Spear             |    73 |   188 |   148 |       ||   409
       Kick              |    16 |    24 |    52 |     3 ||    95
       Halberd           |       |       |    88 |    25 ||   113
 Cast: Summon Small Mamm |     3 |       |       |       ||     3
       Call Imp          |     4 |    17 |     4 |       ||    25
       Call Canine Famil |     5 |    14 |    19 |     1 ||    39
       Summon Lightning  |       |       |    33 |     4 ||    37
       Summon Ice Beast  |       |       |     8 |     7 ||    15
Invok: Divine Energy     |       |       |     1 |       ||     1
Evoke: Wand              |       |     3 |       |       ||     3
  Use: Scroll            |     3 |     7 |     9 |     1 ||    20
       Potion            |     1 |     1 |       |     1 ||     3
 Stab: Sleeping          |     7 |    11 |     6 |     1 ||    25
       Distracted        |     1 |     1 |     1 |       ||     3
  Eat: Chunk             |     2 |     9 |    12 |       ||    23
       Ration            |       |     1 |     5 |     2 ||     8
Armor: Robe              |     7 |    19 |     2 |       ||    28
       Leather armour    |       |       |    57 |     2 ||    59
Dodge: Dodged            |    34 |    72 |   127 |    28 ||   261
